Map: Frozen Temple

Players

hinO

  • Race: Zerg Zerg
  • League: Master
  • Spawn Location: 5:00

Amix - Winner!

  • Race: Zerg Zerg
  • League: Platinum
  • Spawn Location: 11:00

VOD

Have the link to the VOD?

Description

Time

  • Played on: Nov. 16, 2016, 1:59 p.m.
  • Length: 4:08
Show
View Real Time Build Order
Export as new Build Order

hinO Zerg 

Build Orders: Hatch First, Zergling Baneling 

Get SALT Encoding   

  12  0:03  Drone  
  13  0:09  Drone  
  14  0:19  Overlord  
  14  0:25  Drone, Extractor  
  15  0:38  Drone x2  
  17  0:54  Hatchery  
  17  0:56  Drone  
  17  1:01  Drone  
  17  1:02  Extractor  
  17  1:15  Spawning Pool  
  17  1:18  Drone  
  17  1:21  Drone  
  18  1:29  Drone  
  19  1:40  Overlord  
  19  1:53  Drone  
  20  2:02  Queen  
  20  2:04  Metabolic Boost  
  20  2:06  Zergling x2  
  20  2:07  Zergling x2  
  24  2:09  Queen  
  24  2:13  Drone  
  27  2:17  Zergling x2  
  28  2:23  Zergling x2  
  29  2:32  Zergling x2  
  30  2:42  Zergling x2  
  30  2:43  Zergling x2  
  32  2:49  Zergling x2  
  33  2:56  Baneling Nest  
  32  2:59  Zergling x4  
  34  3:06  Zergling x4  
  34  3:11  Overlord  
  36  3:41  Baneling x2  
  36  3:42  Baneling x4  
  34  3:50  Zergling x18  
  34  3:51  Baneling  
  34  3:52  Baneling x2  
Show
View Real Time Build Order
Export as new Build Order

Amix Zerg - Winner!

Build Orders: Pool Only 

Get SALT Encoding   

  12  0:01  Drone  
  13  0:22  Spawning Pool  
  13  0:26  Drone  
  13  0:30  Drone  
  13  0:34  Extractor  
  13  0:37  Drone  
  14  1:11  Overlord  
  14  1:29  Queen  
  14  1:31  Zergling x6  
  19  1:36  Metabolic Boost  
  19  1:42  Zergling x2  
  20  1:53  Zergling x2  
  21  2:04  Baneling Nest  
  21  2:08  Drone  
  21  2:14  Zergling x2  
  22  2:38  Overlord  
  21  2:54  Zergling x2  
  22  3:10  Zergling x2  
  22  3:11  Zergling x4  
  24  3:21  Baneling  
  24  3:22  Baneling  
  24  3:23  Baneling x2  
  24  3:26  Zergling x2  
Tags
 
Add a new tag
Caveats
  • Supply blocks, unpowered buildings, or Contaminate may cause inaccurate times.
  • Supply counts are checked every 10 seconds.